NYP
ROME BRAVES @ MILWAUKEE (NYP) BREWERS
09/02/2049
 
TOP OF THE 1ST
Rome Braves batting - Pitching for Milwaukee (NYP) Brewers : RHP Dillon Atkinson
Pitching: RHP Dillon Atkinson
Batting: RHB Carlos Livas 0-0: Called Strike
0-1: Ground out 5-3 (Groundball, 56S, EV 87.5 MPH)
Batting: RHB Dave Pizarro 0-0: Ball
1-0: Ball
2-0: Foul Ball, location: 2F
2-1: Called Strike
2-2: Foul Ball, location: 2F
2-2: Fly out, F7 (Flyball, 78M, EV 95.0 MPH)
Batting: RHB Mike Velazquez 0-0: Foul Ball, location: 2F
0-1: Foul Ball, location: 2F
0-2: SOLO HOME RUN (Flyball, 7D, EV 96.9 MPH), Distance : 375 ft
Batting: LHB Adam Hairston 0-0: Ball
1-0: Ball
2-0: Foul Ball, location: 2F
2-1: Ball
3-1: Base on Balls
Batting: RHB Manny Hensley 0-0: Ball
Adam Hairston steals 2nd base (no throw)
1-0: Ball
2-0: Ball
3-0: Called Strike
3-1: Foul Ball, location: 2F
3-2: Base on Balls
Batting: LHB Diego Garcia 0-0: Called Strike
0-1: Hit by Pitch
Adam Hairston to third
Manny Hensley to second
Batting: RHB Yutaka Yamane 0-0: Called Strike
0-1: Swinging Strike
0-2: Ball
1-2: Fielders Choice at 2nd, 5-4 (Groundball, 56, EV 80.6 MPH)
Top of the 1st over - 1 run, 1 hit, 0 errors, 3 left on base; Rome 1 - Milwaukee (NYP) 0
BOTTOM OF THE 1ST
Milwaukee (NYP) Brewers batting - Pitching for Rome Braves : RHP Tony Icamen
Pitching: RHP Tony Icamen
Batting: RHB Jose Cerritos 0-0: Ball
1-0: Ball
2-0: Ball
3-0: Called Strike
3-1: Ground out 4-3 (Groundball, 4, EV 83.1 MPH)
Batting: LHB Dusty Bryant 0-0: Ball
1-0: SOLO HOME RUN (Flyball, 9LD, EV 95.6 MPH), Distance : 348 ft
Batting: RHB Manny Olave 0-0: Ball
1-0: Called Strike
1-1: Swinging Strike
1-2: Foul Ball, location: 2F
1-2: Ball
2-2: Strikes out swinging
Batting: RHB Curtis Montgomery 0-0: Called Strike
0-1: Called Strike
0-2: Foul Ball, location: 2F
0-2: Strikes out looking
Bottom of the 1st over - 1 run, 1 hit, 0 errors, 0 left on base; Rome 1 - Milwaukee (NYP) 1
TOP OF THE 2ND
Rome Braves batting - Pitching for Milwaukee (NYP) Brewers : RHP Dillon Atkinson
Batting: RHB Gebre-Giorgios Wangondu 0-0: Ball
1-0: Ball
2-0: SINGLE (Line Drive, 6M, EV 99.4 MPH)
Batting: LHB Ivan Castillo 0-0: Called Strike
Gebre-Giorgios Wangondu is caught stealing 2nd base 2-6
0-1: Ball
1-1: Ball
2-1: Foul Ball, location: 2F
2-2: Ball
3-2: Strikes out looking
Batting: RHB Carlos Livas 0-0: Called Strike
0-1: Foul Ball, location: 2F
0-2: Strikes out swinging
Top of the 2nd over - 0 runs, 1 hit, 0 errors, 0 left on base; Rome 1 - Milwaukee (NYP) 1
BOTTOM OF THE 2ND
Milwaukee (NYP) Brewers batting - Pitching for Rome Braves : RHP Tony Icamen
Batting: LHB John Fortin 0-0: Foul Ball, location: 2F
0-1: Called Strike
0-2: Ball
1-2: Foul Ball, location: 2F
1-2: Ball
2-2: Foul Ball, location: 2F
2-2: Strikes out swinging
Batting: RHB Wiliama Dana 0-0: Ball
1-0: SINGLE (Line Drive, 89S, EV 100.0 MPH)
Batting: RHB Lorenzo Diaz 0-0: Ball
1-0: Ball
2-0: Ball
3-0: Called Strike
3-1: Base on Balls
Wiliama Dana to second
Batting: RHB Tony Beaumond 0-0: Ball
1-0: Foul Ball, location: 2F
1-1: Ball
2-1: Swinging Strike
2-2: Foul Ball, location: 2F
2-2: Strikes out swinging
Batting: RHB Juan Villanueva 0-0: SINGLE (Line Drive, 7S, EV 89.4 MPH)
Wiliama Dana to third
Lorenzo Diaz to second
Batting: RHB Jose Cerritos 0-0: Ball
1-0: DOUBLE (Line Drive, 9LM, EV 86.9 MPH)
Wiliama Dana scores
Lorenzo Diaz scores
Juan Villanueva to third
Batting: LHB Dusty Bryant 0-0: Ball
1-0: Called Strike
1-1: Ball
2-1: Swinging Strike
2-2: Foul Ball, location: 2F
2-2: Ball
3-2: Base on Balls
Batting: RHB Manny Olave 0-0: Ball
1-0: Ball
2-0: Ball
3-0: Called Strike
3-1: Foul Ball, location: 2F
3-2: Foul Ball, location: 2F
3-2: Base on Balls
Juan Villanueva scores
Jose Cerritos to third
Dusty Bryant to second
Batting: RHB Curtis Montgomery 0-0: Called Strike
0-1: Swinging Strike
0-2: Ball
1-2: Foul Ball, location: 2F
1-2: Strikes out swinging
Bottom of the 2nd over - 3 runs, 3 hits, 0 errors, 3 left on base; Rome 1 - Milwaukee (NYP) 4
TOP OF THE 3RD
Rome Braves batting - Pitching for Milwaukee (NYP) Brewers : RHP Dillon Atkinson
Batting: RHB Dave Pizarro 0-0: Ball
1-0: Foul Ball, location: 2F
1-1: Foul Ball, location: 2F
1-2: Strikes out swinging
Batting: RHB Mike Velazquez 0-0: Called Strike
0-1: Ball
1-1: Foul Ball, location: 2F
1-2: SINGLE (Line Drive, 78S, EV 99.4 MPH)
Batting: LHB Adam Hairston 0-0: Called Strike
0-1: Ball
1-1: Foul Ball, location: 2F
1-2: Ball
2-2: Strikes out swinging
Batting: RHB Manny Hensley 0-0: Ball
1-0: Swinging Strike
1-1: 2-RUN HOME RUN (Flyball, 78XD, EV 101.2 MPH), Distance : 411 ft
Batting: LHB Diego Garcia 0-0: Foul Ball, location: 2F
0-1: Foul Ball, location: 2F
0-2: Strikes out swinging
Top of the 3rd over - 2 runs, 2 hits, 0 errors, 0 left on base; Rome 3 - Milwaukee (NYP) 4
BOTTOM OF THE 3RD
Milwaukee (NYP) Brewers batting - Pitching for Rome Braves : RHP Tony Icamen
Batting: LHB John Fortin 0-0: Swinging Strike
0-1: Ball
1-1: Foul Ball, location: 2F
1-2: Foul Ball, location: 2F
1-2: Strikes out swinging
Batting: RHB Wiliama Dana 0-0: Swinging Strike
0-1: Foul Ball, location: 2F
0-2: Ball
1-2: Ball
2-2: Foul Ball, location: 2F
2-2: Fly out, F8 (Line Drive, 8LM, EV 105.6 MPH)
Batting: RHB Lorenzo Diaz 0-0: Ball
1-0: Swinging Strike
1-1: Fly out, F9 (Flyball, 9LM, EV 91.2 MPH)
Bottom of the 3rd over - 0 runs, 0 hits, 0 errors, 0 left on base; Rome 3 - Milwaukee (NYP) 4
TOP OF THE 4TH
Rome Braves batting - Pitching for Milwaukee (NYP) Brewers : RHP Dillon Atkinson
Batting: RHB Yutaka Yamane 0-0: Ball
1-0: Ball
2-0: Swinging Strike
2-1: Foul Ball, location: 2F
2-2: Strikes out swinging
Batting: RHB Gebre-Giorgios Wangondu 0-0: Ball
1-0: Ball
2-0: Foul Ball, location: 2F
2-1: Ball
3-1: Base on Balls
Batting: LHB Ivan Castillo 0-0: Called Strike
Gebre-Giorgios Wangondu is caught stealing 2nd base 2-6
0-1: Swinging Strike
0-2: Ball
1-2: Ground out 5-3 (Groundball, 56, EV 105.0 MPH)
Top of the 4th over - 0 runs, 0 hits, 0 errors, 0 left on base; Rome 3 - Milwaukee (NYP) 4
BOTTOM OF THE 4TH
Milwaukee (NYP) Brewers batting - Pitching for Rome Braves : RHP Tony Icamen
Batting: RHB Tony Beaumond 0-0: Ball
1-0: Swinging Strike
1-1: Ball
2-1: Swinging Strike
2-2: Strikes out swinging
Batting: RHB Juan Villanueva 0-0: Ball
1-0: SINGLE (Flyball, 89S, EV 91.9 MPH)
Batting: RHB Jose Cerritos 0-0: Fielders Choice at 2nd, 1-6 (Groundball, 34S, EV 61.9 MPH)
Batting: LHB Dusty Bryant 0-0: Ball
Wild Pitch!
Jose Cerritos to second
1-0: Called Strike
1-1: Ball
2-1: Ball
3-1: Foul Ball, location: 2F
3-2: Base on Balls
Batting: RHB Manny Olave 0-0: Ball
1-0: Called Strike
1-1: Swinging Strike
1-2: Fly out, F6 (Popup, 6S, EV 82.5 MPH)
Bottom of the 4th over - 0 runs, 1 hit, 0 errors, 2 left on base; Rome 3 - Milwaukee (NYP) 4
TOP OF THE 5TH
Rome Braves batting - Pitching for Milwaukee (NYP) Brewers : RHP Dillon Atkinson
Batting: RHB Carlos Livas 0-0: Ball
1-0: Ball
2-0: Ground out 6-3 (Groundball, 56, EV 85.0 MPH)
Batting: RHB Dave Pizarro 0-0: Fly out, F4 (Popup, 4S, EV 76.9 MPH)
Batting: RHB Mike Velazquez 0-0: Called Strike
0-1: Ball
1-1: SOLO HOME RUN (Flyball, 78XD, EV 108.8 MPH), Distance : 412 ft
Batting: LHB Adam Hairston 0-0: Ball
1-0: Called Strike
1-1: Ball
2-1: Ball
3-1: Called Strike
3-2: Foul Ball, location: 2F
3-2: Base on Balls
Pitching: LHP Jon Ortiz
Batting: RHB Manny Hensley 0-0: Ball
Adam Hairston steals 2nd base
1-0: Foul Ball, location: 2F
1-1: Ball
2-1: Ball
3-1: Base on Balls
Batting: LHB Diego Garcia 0-0: Ground out 4-3 (Groundball, 4, EV 85.0 MPH)
Top of the 5th over - 1 run, 1 hit, 0 errors, 2 left on base; Rome 4 - Milwaukee (NYP) 4
BOTTOM OF THE 5TH
Milwaukee (NYP) Brewers batting - Pitching for Rome Braves : RHP Tony Icamen
Pitching: LHP Alejandro Rivera
Batting: RHB Curtis Montgomery 0-0: Fly out, F9 (Line Drive, 9S, EV 104.4 MPH)
Batting: LHB John Fortin 0-0: Called Strike
0-1: Called Strike
0-2: Foul Ball, location: 2F
0-2: Ball
1-2: Strikes out swinging
Batting: RHB Wiliama Dana 0-0: Called Strike
0-1: Ball
1-1: Foul Ball, location: 2F
1-2: Ball
2-2: Foul Ball, location: 2F
2-2: Foul Ball, location: 2F
2-2: Ground out 6-3 (Groundball, 6, EV 83.1 MPH)
Bottom of the 5th over - 0 runs, 0 hits, 0 errors, 0 left on base; Rome 4 - Milwaukee (NYP) 4
TOP OF THE 6TH
Rome Braves batting - Pitching for Milwaukee (NYP) Brewers : LHP Jon Ortiz
Batting: RHB Yutaka Yamane 0-0: Called Strike
0-1: Ground out 6-3 (Groundball, 6, EV 98.1 MPH)
Batting: RHB Gebre-Giorgios Wangondu 0-0: Ball
1-0: Called Strike
1-1: Ball
2-1: Called Strike
2-2: Ball
3-2: Foul Ball, location: 2F
3-2: SINGLE (Groundball, 25, EV 64.4 MPH) (infield hit)
Batting: LHB Ivan Castillo 0-0: Ball
Gebre-Giorgios Wangondu is caught stealing 2nd base 2-6
1-0: Called Strike
1-1: Swinging Strike
1-2: Foul Ball, location: 2F
1-2: Strikes out swinging
Top of the 6th over - 0 runs, 1 hit, 0 errors, 0 left on base; Rome 4 - Milwaukee (NYP) 4
BOTTOM OF THE 6TH
Milwaukee (NYP) Brewers batting - Pitching for Rome Braves : LHP Alejandro Rivera
Batting: RHB Lorenzo Diaz 0-0: Ball
1-0: Called Strike
1-1: Fly out, F8 (Flyball, 8LS, EV 84.4 MPH)
Batting: RHB Tony Beaumond 0-0: Ball
1-0: Swinging Strike
1-1: Fly out, F8 (Flyball, 8LD, EV 90.0 MPH)
Batting: RHB Juan Villanueva 0-0: Foul Ball, location: 2F
0-1: Foul Ball, location: 2F
0-2: Ball
1-2: Foul Ball, location: 2F
1-2: Ball
2-2: Strikes out swinging
Bottom of the 6th over - 0 runs, 0 hits, 0 errors, 0 left on base; Rome 4 - Milwaukee (NYP) 4
TOP OF THE 7TH
Rome Braves batting - Pitching for Milwaukee (NYP) Brewers : LHP Jon Ortiz
Batting: RHB Carlos Livas 0-0: Ball
1-0: Called Strike
1-1: SINGLE (Groundball, 56, EV 98.1 MPH)
Batting: RHB Dave Pizarro 0-0: Called Strike
0-1: Ball
Carlos Livas steals 2nd base
1-1: Swinging Strike
1-2: Ground out 6-3 (Groundball, 6M, EV 80.0 MPH)
Carlos Livas to third
Batting: RHB Mike Velazquez 0-0: Intentional Walk
Pitching: RHP Pat Spry
Batting: LHB Adam Hairston 0-0: Called Strike
0-1: Ball
1-1: Called Strike
1-2: Ball
2-2: Ball
3-2: Strikes out swinging
Pinch Hitting: LHB Shigeru Ono 0-0: Ball
1-0: Ball
2-0: Ball
Wild Pitch!
Carlos Livas scores
Mike Velazquez to second
3-0: Intentional Walk
Pinch Runner at 2nd Tony Cabrera:
Batting: LHB Diego Garcia 0-0: Foul Ball, location: 2F
0-1: Ball
1-1: Foul Ball, location: 2F
1-2: Strikes out swinging
Top of the 7th over - 1 run, 1 hit, 0 errors, 2 left on base; Rome 5 - Milwaukee (NYP) 4
BOTTOM OF THE 7TH
Milwaukee (NYP) Brewers batting - Pitching for Rome Braves : LHP Alejandro Rivera
Now at 2B: Adam Hairston
Now at 3B: Rodolfo Cosme
Batting: RHB Jose Cerritos 0-0: TRIPLE (Groundball, 3L, EV 100.0 MPH)
Batting: LHB Dusty Bryant 0-0: Called Strike
0-1: Ball
1-1: Swinging Strike
1-2: Strikes out swinging
Batting: RHB Manny Olave 0-0: Swinging Strike
0-1: Ball
1-1: Foul Ball, location: 2F
1-2: Ball
2-2: Strikes out looking
Batting: RHB Curtis Montgomery 0-0: Ball
1-0: Called Strike
1-1: Foul Ball, location: 2F
1-2: Strikes out swinging
Bottom of the 7th over - 0 runs, 1 hit, 0 errors, 1 left on base; Rome 5 - Milwaukee (NYP) 4
TOP OF THE 8TH
Rome Braves batting - Pitching for Milwaukee (NYP) Brewers : RHP Pat Spry
Batting: RHB Yutaka Yamane 0-0: Ball
1-0: Swinging Strike
1-1: Ground out U3 (Groundball, 34, EV 92.5 MPH)
Batting: RHB Gebre-Giorgios Wangondu 0-0: Foul Ball, location: 2F
0-1: Foul Ball, location: 2F
0-2: Strikes out looking
Batting: LHB Ivan Castillo 0-0: Called Strike
0-1: Ball
1-1: Foul Ball, location: 2F
1-2: Strikes out swinging
Top of the 8th over - 0 runs, 0 hits, 0 errors, 0 left on base; Rome 5 - Milwaukee (NYP) 4
BOTTOM OF THE 8TH
Milwaukee (NYP) Brewers batting - Pitching for Rome Braves : LHP Alejandro Rivera
Pitching: RHP Outa Tamura
Batting: LHB John Fortin 0-0: Ball
1-0: Ball
2-0: Called Strike
2-1: Foul Ball, location: 2F
2-2: Ball
3-2: Base on Balls
Batting: RHB Wiliama Dana 0-0: Bunt missed!
0-1: Bunt - Flyout to 15! F1
Pinch Hitting: LHB Greg Reedy 0-0: Called Strike
0-1: Ball
1-1: Swinging Strike
1-2: Strikes out looking
Batting: RHB Tony Beaumond 0-0: Called Strike
0-1: Ground out 6-3 (Groundball, 6M, EV 110.0 MPH)
Bottom of the 8th over - 0 runs, 0 hits, 0 errors, 1 left on base; Rome 5 - Milwaukee (NYP) 4
TOP OF THE 9TH
Rome Braves batting - Pitching for Milwaukee (NYP) Brewers : RHP Pat Spry
Now at SS: Robert Sayer
Batting: RHB Carlos Livas 0-0: Ball
1-0: Ball
2-0: Called Strike
2-1: Foul Ball, location: 2F
2-2: Foul Ball, location: 2F
2-2: Strikes out swinging
Batting: RHB Dave Pizarro 0-0: Ball
1-0: Swinging Strike
1-1: Swinging Strike
1-2: Ball
2-2: Strikes out swinging
Batting: RHB Tony Cabrera 0-0: Ball
1-0: Foul Ball, location: 2F
1-1: Called Strike
1-2: Ball
2-2: Strikes out swinging
Top of the 9th over - 0 runs, 0 hits, 0 errors, 0 left on base; Rome 5 - Milwaukee (NYP) 4
BOTTOM OF THE 9TH
Milwaukee (NYP) Brewers batting - Pitching for Rome Braves : RHP Outa Tamura
Pitching: RHP Jason Barber
Batting: RHB Juan Villanueva 0-0: Called Strike
0-1: Foul Ball, location: 2F
0-2: Ground out 4-3 (Groundball, 4, EV 82.5 MPH)
Batting: SHB Sam Bingham 0-0: Ball
1-0: Ball
2-0: Called Strike
2-1: Fly out, F8 (Line Drive, 8RD, EV 93.1 MPH)
Batting: LHB Dusty Bryant 0-0: Ground out 6-3 (Groundball, 4, EV 80.0 MPH)
Bottom of the 9th over - 0 runs, 0 hits, 0 errors, 0 left on base; Rome 5 - Milwaukee (NYP) 4
Sunday, July 16th , 2023 - OOTP Baseball 24.6 Build 69